 Dungeon Crawl Stone Soup version 0.24.0-125-gc4c63601f3 (webtiles) character file.

Game seed: 6734557985217149775, levelgen mode: deterministic

74 PejaSLU the Chopper (level 4, -4/41 HPs)
             Began as a Minotaur Berserker on Mar 18, 2020.
             Was a Believer of Trog.
             Slain by a worm (7 damage)
             ... on level 2 of the Dungeon.
             The game lasted 00:10:03 (870 turns).

PejaSLU the Chopper (Minotaur Berserker)             Turns: 870, Time: 00:10:04

Health: -4/41      AC:  5    Str: 23    XL:     4   Next: 10%
Magic:  3/3        EV: 11    Int:  4    God:    Trog [**....]
Gold:   66         SH:  0    Dex:  9    Spells: 3/3 levels left

rFire    . . .     SeeInvis .   g - +0 hand axe
rCold    + . .     Gourm    .   (no shield)
rNeg     . . .     Faith    .   l - +0 ring mail
rPois    .         Spirit   .   (helmet restricted)
rElec    .         Reflect  .   (no cloak)
rCorr    .         Harm     .   (no gloves)
MR       .....                  (no boots)
Stlth    ..........             (no amulet)
HPRegen  0.13/turn              i - ring of protection from cold
MPRegen  0.08/turn              (no ring)

@: no status effects
A: retaliatory headbutt, horns 2
a: Berserk, Trog's Hand, Renounce Religion


You were on level 2 of the Dungeon.
You worshipped Trog.
Trog was pleased with you.
You were not hungry.

You visited 1 branch of the dungeon, and saw 2 of its levels.

You collected 66 gold pieces.

Inventory:

Hand Weapons
 a - a +0 hand axe
 g - a +0 hand axe (weapon)
Armour
 b - a +0 animal skin
 l - a +0 ring mail (worn)
 m - a +0 scale mail
Jewellery
 i - a ring of protection from cold (left hand)
Scrolls
 c - a scroll of magic mapping {unknown}
 d - a scroll of blinking {unknown}
 e - a scroll of amnesia {unknown}
 h - a scroll of enchant armour {unknown}
 j - a scroll of identify {unknown}
 k - a scroll of fog {unknown}
Comestibles
 f - 5 chunks of flesh


   Skills:
 + Level 4.4 Fighting
 + Level 5.0 Axes
 + Level 2.5 Armour
 + Level 2.6 Dodging
 + Level 0.3 Stealth


You had 3 spell levels left.
You didn't know any spells.
Your spell library was empty.

Dungeon Overview and Level Annotations

Branches:
Dungeon (2/15)

Altars:


Innate Abilities, Weirdness & Mutations

You reflexively headbutt those who attack you in melee.
You have a pair of horns on your head.


Message History

You see here a hobgoblin corpse.
The worm bites you!
* * * LOW HITPOINT WARNING * * *
You hit the worm.
The worm is lightly wounded.
The worm bites you.
* * * LOW HITPOINT WARNING * * *
You barely miss the worm. Your headbutt misses the worm.
You barely miss the worm. The worm bites you.
* * * LOW HITPOINT WARNING * * *
You hit the worm.
The worm is moderately wounded.
You hit the worm but do no damage.
The worm is moderately wounded.
The worm barely misses you.
There is an open gate here.
You see here a bat skeleton.
You barely miss the worm. You barely miss the worm. The worm bites you!
You die...

## ## ##.# #.# .# .##.# #.#
.# .# #.###.# ##'## .#
#.#.# ##...## .# #.####
##.....## .#####†##.##
##.......##
.#.........####.........###
.............(†)@.......'..
##.###)#...####..w......##
#.# #.##.## ##..(....## #.#
#.##.# ##..(..## #.# #.##.#
###'''### #.. .....#
#.......## ### #>####
#..#...#..## #.#
#..#.#†#.#..##
#..#...#...#..##


You could see a worm.

Vanquished Creatures
  2 adders (D:2)
  An ooze (D:2)
  2 worms (D:2)
  2 dart slugs
  2 leopard geckos
  A giant cockroach (D:2)
  7 goblins
  4 hobgoblins
  2 jackals (D:2)
  A kobold (D:1)
  8 bats
  8 rats
40 creatures vanquished.

Notes
Turn   | Place    | Note
-------+----------+-------------------------------------------
     0 | D:1      | PejaSLU the Minotaur Berserker began the quest for the Orb.
     0 | D:1      | Reached XP level 1. HP: 19/19 MP: 0/0
   101 | D:1      | Reached skill level 4 in Axes
   118 | D:1      | Reached XP level 2. HP: 15/27 MP: 1/1
   620 | D:2      | Reached ** piety under Trog
   620 | D:2      | Reached XP level 3. HP: 13/34 MP: 2/2
   823 | D:2      | Reached XP level 4. HP: 10/41 MP: 3/3
   826 | D:2      | Reached skill level 5 in Axes
   858 | D:2      | HP: 2/41 [worm (2)]
   870 | D:2      | Slain by a worm

Levels and vault maps discovered:
D:1:      dpeg_arrival_subterranean_lakeside_camping, layout_loops_cross
D:2:      layout_loops_corners, hangedman_decor_clover_reticule,
          kennysheep_cluttered_room

Skill      XL: |  1  2  3  4 |
---------------+-------------+-----
Axes           | 4 5 |  5.0
Fighting       | 4 |  4.4
Armour         | |  2.5
Dodging        | |  2.6
Stealth        | |  0.3

Action                   |  1- 3 |  4- 6 || total
-------------------------+-------+-------++-------
Melee: Hand axe          |    83 |    15 ||    98
       Headbutt          |    10 |     1 ||    11
 Stab: Sleeping          |     1 |       ||     1
  Eat: Ration            |     1 |       ||     1
Armor: Animal skin       |    12 |       ||    12
       Ring mail         |     9 |     2 ||    11
Dodge: Dodged            |    55 |     5 ||    60
